BSA
CHICAGO MACHINE @ ST. LOUIS BROWNS
05/04/2030
 
TOP OF THE 1ST
Chicago Machine batting - Pitching for St. Louis Browns : LHP León Hernández
Pitching: LHP León Hernández
Batting: RHB Nick Harris 0-0: Fly out, F3 (Popup, 3F)
Batting: RHB Will Lott 0-0: Ball
1-0: Ball
2-0: Ball
3-0: Called Strike
3-1: Called Strike
3-2: Strikes out swinging
Batting: RHB Doug Stephens 0-0: SINGLE (Groundball, 4D)
Batting: RHB Gonzalo Gil 0-0: Ball
1-0: Ball
Wild Pitch!
Doug Stephens to second
2-0: Ball
3-0: Base on Balls
Batting: RHB Roberto Tobías 0-0: Swinging Strike
0-1: Called Strike
0-2: Ball
1-2: Ball
2-2: Ball
3-2: Strikes out looking
Top of the 1st over - 0 runs, 1 hit, 0 errors, 2 left on base; Chicago 0 - St. Louis 0
BOTTOM OF THE 1ST
St. Louis Browns batting - Pitching for Chicago Machine : RHP Rod Day
Pitching: RHP Rod Day
Batting: RHB José Flores 0-0: Fly out, F8 (Flyball, 8RD)
Batting: LHB Robin Hill 0-0: Ball
1-0: Foul Ball, location: 2F
1-1: Foul Ball, location: 2F
1-2: Foul Ball, location: 2F
1-2: Foul Ball, location: 2F
1-2: Ball
2-2: Ground out 4-3 (Groundball, 4)
Batting: LHB Mike Hill 0-0: Ball
1-0: Fly out, F3 (Popup, 3SF)
Bottom of the 1st over - 0 runs, 0 hits, 0 errors, 0 left on base; Chicago 0 - St. Louis 0
TOP OF THE 2ND
Chicago Machine batting - Pitching for St. Louis Browns : LHP León Hernández
Batting: RHB Pablo Sandoval 0-0: Ball
1-0: Ground out U3 (Groundball, 34)
Batting: RHB Tony Parker 0-0: Ball
1-0: Called Strike
1-1: Ball
2-1: Ball
3-1: Base on Balls
Batting: SHB Thomas Simmons 0-0: Called Strike
0-1: Called Strike
0-2: Ground out 5-3 (Groundball, 56S)
Tony Parker to second
Batting: LHB Edward Bennett 0-0: Foul Ball, location: 2F
0-1: Ball
1-1: Ball
2-1: Foul Ball, location: 2F
2-2: Ball
3-2: SINGLE (Flyball, 78S)
Tony Parker to third
Tony Parker scores
Batting: RHB Nick Harris 0-0: Ball
1-0: Called Strike
1-1: Swinging Strike
1-2: Ground out 6-3 (Groundball, 56)
Top of the 2nd over - 1 run, 1 hit, 0 errors, 1 left on base; Chicago 1 - St. Louis 0
BOTTOM OF THE 2ND
St. Louis Browns batting - Pitching for Chicago Machine : RHP Rod Day
Batting: SHB Víctor Serrano 0-0: Ball
1-0: Called Strike
1-1: Foul Ball, location: 2F
1-2: SINGLE (Groundball, 3D)
Batting: LHB Norberto Muñóz 0-0: Ball
1-0: Ball
2-0: SINGLE (Flyball, 89M)
Víctor Serrano to second
Batting: RHB Pepe Carrasco 0-0: Called Strike
0-1: Ball
1-1: Swinging Strike
1-2: Strikes out swinging
Batting: RHB Anthony Rucker 0-0: Ball
1-0: Fly out, F7 (Flyball, 7S)
Batting: SHB Tim Reid 0-0: Called Strike
0-1: Ball
1-1: Ball
2-1: Ball
3-1: Base on Balls
Víctor Serrano to third
Norberto Muñóz to second
Batting: LHB Miguel Medellín 0-0: Foul Ball, location: 2F
0-1: Ball
1-1: Fly out, F7 (Line Drive, 78M)
Bottom of the 2nd over - 0 runs, 2 hits, 0 errors, 3 left on base; Chicago 1 - St. Louis 0
TOP OF THE 3RD
Chicago Machine batting - Pitching for St. Louis Browns : LHP León Hernández
Batting: RHB Will Lott 0-0: Called Strike
0-1: Ball
1-1: Ball
2-1: Ball
3-1: Foul Ball, location: 2F
3-2: Strikes out swinging
Batting: RHB Doug Stephens 0-0: Foul Ball, location: 2F
0-1: Swinging Strike
0-2: Ball
1-2: Ball
2-2: Ball
3-2: Ground out 6-3 (Groundball, 6)
Batting: RHB Gonzalo Gil 0-0: Called Strike
0-1: Swinging Strike
0-2: Ball
1-2: Foul Ball, location: 2F
1-2: Ball
2-2: Strikes out looking
Top of the 3rd over - 0 runs, 0 hits, 0 errors, 0 left on base; Chicago 1 - St. Louis 0
BOTTOM OF THE 3RD
St. Louis Browns batting - Pitching for Chicago Machine : RHP Rod Day
Batting: RHB José Flores 0-0: Called Strike
0-1: Ball
1-1: Ground out 6-3 (Groundball, 56)
Batting: LHB Robin Hill 0-0: Called Strike
0-1: Called Strike
0-2: Ground out 4-3 (Groundball, 4)
Batting: LHB Mike Hill 0-0: Foul Ball, location: 2F
0-1: Ball
1-1: Ball
2-1: Ball
3-1: Called Strike
3-2: Foul Ball, location: 2F
3-2: Fly out, F8 (Flyball, 78D)
Bottom of the 3rd over - 0 runs, 0 hits, 0 errors, 0 left on base; Chicago 1 - St. Louis 0
TOP OF THE 4TH
Chicago Machine batting - Pitching for St. Louis Browns : LHP León Hernández
Batting: RHB Roberto Tobías 0-0: Ball
1-0: Called Strike
1-1: Foul Ball, location: 2F
1-2: Strikes out swinging
Batting: RHB Pablo Sandoval 0-0: Ball
1-0: Ball
2-0: DOUBLE (Line Drive, 89D)
Batting: RHB Tony Parker 0-0: Ball
1-0: Foul Ball, location: 2F
1-1: Called Strike
1-2: Strikes out swinging
Batting: SHB Thomas Simmons 0-0: Called Strike
0-1: SINGLE (Flyball, 9LS)
Pablo Sandoval to third
Runner from 3rd tries for Home, SAFE, throw made home
Batting: LHB Edward Bennett 0-0: Ball
1-0: Called Strike
1-1: Ball
2-1: Ground out 4-3 (Groundball, 4)
Top of the 4th over - 1 run, 2 hits, 0 errors, 1 left on base; Chicago 2 - St. Louis 0
BOTTOM OF THE 4TH
St. Louis Browns batting - Pitching for Chicago Machine : RHP Rod Day
Batting: SHB Víctor Serrano 0-0: SINGLE (Flyball, 8LS)
Batting: LHB Norberto Muñóz 0-0: Swinging Strike
0-1: Ball
1-1: Foul Ball, location: 2F
1-2: Foul Ball, location: 2F
1-2: Foul Ball, location: 2F
1-2: Foul Ball, location: 2F
1-2: Foul Ball, location: 2F
1-2: Ball
2-2: Ball
3-2: Strikes out swinging
Batting: RHB Pepe Carrasco 0-0: Ball
1-0: Fly out, F9 (Flyball, 89D)
Batting: RHB Anthony Rucker 0-0: SINGLE (Line Drive, 8LS)
Víctor Serrano to second
Batting: SHB Tim Reid 0-0: Ball
1-0: Ball
2-0: Ball
3-0: Called Strike
3-1: Called Strike
3-2: Fly out, F5 (Popup, 5F)
Bottom of the 4th over - 0 runs, 2 hits, 0 errors, 2 left on base; Chicago 2 - St. Louis 0
TOP OF THE 5TH
Chicago Machine batting - Pitching for St. Louis Browns : LHP León Hernández
Batting: RHB Nick Harris 0-0: Called Strike
0-1: Ground out 5-3 (Groundball, 5S)
Batting: RHB Will Lott 0-0: Ball
1-0: Ball
2-0: Foul Ball, location: 2F
2-1: Foul Ball, location: 2F
2-2: Fly out, F7 (Flyball, 7)
Batting: RHB Doug Stephens 0-0: Ball
1-0: Ball
2-0: SINGLE (Line Drive, 8RS)
Batting: RHB Gonzalo Gil 0-0: Ball
1-0: Ball
2-0: Foul Ball, location: 2F
2-1: Called Strike
2-2: Ball
3-2: Base on Balls
Doug Stephens to second
Batting: RHB Roberto Tobías 0-0: Fly out, F8 (Flyball, 8RD)
Top of the 5th over - 0 runs, 1 hit, 0 errors, 2 left on base; Chicago 2 - St. Louis 0
BOTTOM OF THE 5TH
St. Louis Browns batting - Pitching for Chicago Machine : RHP Rod Day
Batting: LHB Miguel Medellín 0-0: Ball
1-0: Ground out 6-3 (Groundball, 6)
Batting: RHB José Flores 0-0: Called Strike
0-1: Ball
1-1: Ball
2-1: Foul Ball, location: 2F
2-2: Ground out 6-3 (Groundball, 6)
Batting: LHB Robin Hill 0-0: Called Strike
0-1: Fly out, F9 (Flyball, 89M)
Bottom of the 5th over - 0 runs, 0 hits, 0 errors, 0 left on base; Chicago 2 - St. Louis 0
TOP OF THE 6TH
Chicago Machine batting - Pitching for St. Louis Browns : LHP León Hernández
Pitching: RHP Juan Franco
Batting: RHB Pablo Sandoval 0-0: Swinging Strike
0-1: Foul Ball, location: 2F
0-2: Ball
1-2: Ball
2-2: Ball
3-2: SINGLE (Groundball, 4MD)
Batting: RHB Tony Parker 0-0: Ball
Throwing error on steal attempt, E2
Pablo Sandoval to third
1-0: Intentional Walk
Batting: SHB Thomas Simmons 0-0: Called Strike
0-1: Ball
1-1: Called Strike
1-2: Ball
2-2: Strikes out swinging
Batting: LHB Edward Bennett 0-0: Called Strike
0-1: Ball
1-1: SINGLE (Groundball, 34D)
Pablo Sandoval scores
Tony Parker to second
Runner from 2nd tries for 3rd, SAFE, no throw
Batting: RHB Nick Harris 0-0: Ball
1-0: Grounds into double play, 6-4-3 (Groundball, 6)
Top of the 6th over - 1 run, 2 hits, 1 error, 1 left on base; Chicago 3 - St. Louis 0
BOTTOM OF THE 6TH
St. Louis Browns batting - Pitching for Chicago Machine : RHP Rod Day
Batting: LHB Mike Hill 0-0: Called Strike
0-1: Ball
1-1: Ball
2-1: Ground out 5-3 (Groundball, 56)
Batting: SHB Víctor Serrano 0-0: Ball
1-0: Ball
2-0: Called Strike
2-1: Ball
3-1: Foul Ball, location: 2F
3-2: Fly out, F9 (Flyball, 9)
Batting: LHB Norberto Muñóz 0-0: Called Strike
0-1: Ball
1-1: Foul Ball, location: 2F
1-2: Foul Ball, location: 2F
1-2: Ball
2-2: Ball
3-2: Base on Balls
Batting: RHB Pepe Carrasco 0-0: Called Strike
0-1: SINGLE (Groundball, 4MD)
Norberto Muñóz to second
Runner from 2nd tries for 3rd, SAFE, no throw
Batting: RHB Anthony Rucker 0-0: Ball
1-0: Ball
2-0: Ball
3-0: Base on Balls
Pepe Carrasco to second
Pitching: RHP Garrett Bell
Batting: SHB Tim Reid 0-0: Ball
1-0: SINGLE (Groundball, 34D)
Norberto Muñóz scores
Pepe Carrasco to third
Anthony Rucker to second
Runner from 3rd tries for Home, SAFE, no throw
Batting: LHB Miguel Medellín 0-0: Called Strike
0-1: Foul Ball, location: 2F
0-2: Foul Ball, location: 2F
0-2: Ball
1-2: Ball
2-2: Foul Ball, location: 2F
2-2: Ball
3-2: Ground out 5-3 (Groundball, 56S)
Bottom of the 6th over - 2 runs, 2 hits, 0 errors, 2 left on base; Chicago 3 - St. Louis 2
TOP OF THE 7TH
Chicago Machine batting - Pitching for St. Louis Browns : RHP Juan Franco
Batting: RHB Will Lott 0-0: Ball
1-0: Ground out 5-3 (Groundball, 5S)
Batting: RHB Doug Stephens 0-0: Foul Ball, location: 2F
0-1: Ball
1-1: Ball
2-1: SINGLE (Flyball, 7S)
Pinch Hitting: SHB Clint Woods 0-0: Called Strike
0-1: Swinging Strike
0-2: Ball
1-2: Grounds into double play, 6-4-3 (Groundball, 6)
Top of the 7th over - 0 runs, 1 hit, 0 errors, 0 left on base; Chicago 3 - St. Louis 2
BOTTOM OF THE 7TH
St. Louis Browns batting - Pitching for Chicago Machine : RHP Garrett Bell
Now at SS: Raúl Bauza
Batting: RHB José Flores 0-0: Called Strike
0-1: Fly out, F9 (Flyball, 9)
Batting: LHB Robin Hill 0-0: Ground out 4-3 (Groundball, 4)
Batting: LHB Mike Hill 0-0: Ball
1-0: Ground out 6-3 (Groundball, 6S)
Bottom of the 7th over - 0 runs, 0 hits, 0 errors, 0 left on base; Chicago 3 - St. Louis 2
TOP OF THE 8TH
Chicago Machine batting - Pitching for St. Louis Browns : RHP Juan Franco
Batting: RHB Roberto Tobías 0-0: Called Strike
0-1: Swinging Strike
0-2: Strikes out swinging
Batting: RHB Pablo Sandoval 0-0: Foul Ball, location: 2F
0-1: Ground out 4-3 (Groundball, 4)
Batting: RHB Tony Parker 0-0: Foul Ball, location: 2F
0-1: Fly out, F9 (Flyball, 9S)
Top of the 8th over - 0 runs, 0 hits, 0 errors, 0 left on base; Chicago 3 - St. Louis 2
BOTTOM OF THE 8TH
St. Louis Browns batting - Pitching for Chicago Machine : RHP Garrett Bell
Batting: SHB Víctor Serrano 0-0: SINGLE (Line Drive, 4MD)
Pitching: RHP Aaron Thrash
Batting: LHB Norberto Muñóz 0-0: Called Strike
0-1: Ball
1-1: Foul Ball, location: 2F
1-2: Ball
2-2: Foul Ball, location: 2F
2-2: Ball
3-2: Foul Ball, location: 2F
3-2: Grounds into double play, 4-6-3 (Groundball, 4)
Batting: RHB Pepe Carrasco 0-0: SINGLE (Groundball, 6MD)
Batting: RHB Anthony Rucker 0-0: Swinging Strike
0-1: Ground out 4-3 (Groundball, 4)
Bottom of the 8th over - 0 runs, 2 hits, 0 errors, 1 left on base; Chicago 3 - St. Louis 2
TOP OF THE 9TH
Chicago Machine batting - Pitching for St. Louis Browns : RHP Juan Franco
Batting: SHB Thomas Simmons 0-0: Ball
1-0: Ball
2-0: Called Strike
2-1: Called Strike
2-2: Foul Ball, location: 2F
2-2: Ball
3-2: Fly out, F6 (Popup, 6S)
Pitching: LHP José Garza
Batting: LHB Edward Bennett 0-0: Ball
1-0: Ball
2-0: Swinging Strike
2-1: SINGLE (Line Drive, 78M)
Pitching: RHP Jorge Pérez
Batting: RHB Nick Harris 0-0: Called Strike
0-1: Swinging Strike
0-2: Ground out 5-3 (Groundball, 5)
Edward Bennett to second
Batting: RHB Will Lott 0-0: Fly out, F8 (Flyball, 8LM)
Top of the 9th over - 0 runs, 1 hit, 0 errors, 1 left on base; Chicago 3 - St. Louis 2
BOTTOM OF THE 9TH
St. Louis Browns batting - Pitching for Chicago Machine : RHP Aaron Thrash
Pitching: RHP Wyatt Anderson
Batting: SHB Tim Reid 0-0: Ball
1-0: SINGLE (Groundball, 3) (infield hit)
Pinch Runner at 1st Javier Martínez:
Batting: LHB Miguel Medellín 0-0: Ball
1-0: Swinging Strike
1-1: Ball
2-1: Sac Bunt - play at first, batter OUT! 5-4
Javier Martínez to second
Batting: RHB José Flores 0-0: Swinging Strike
0-1: Called Strike
0-2: Foul Ball, location: 2F
0-2: Strikes out looking
Batting: LHB Robin Hill 0-0: Ball
1-0: TRIPLE (Flyball, 9LD)
Javier Martínez scores
Batting: LHB Mike Hill 0-0: Intentional Walk
Batting: SHB Víctor Serrano 0-0: Ball
1-0: Ball
2-0: Ball
3-0: Called Strike
3-1: Base on Balls
Mike Hill to second
Batting: LHB Norberto Muñóz 0-0: Called Strike
0-1: Ball
1-1: Ground out U3 (Groundball, 3)
Bottom of the 9th over - 1 run, 2 hits, 0 errors, 3 left on base; Chicago 3 - St. Louis 3
TOP OF THE 10TH
Chicago Machine batting - Pitching for St. Louis Browns : RHP Jorge Pérez
Pitching: RHP Huang Chen
Now at 2B: Javier Martínez
Batting: RHB Doug Stephens 0-0: Swinging Strike
0-1: Called Strike
0-2: Strikes out swinging
Batting: RHB Raúl Bauza 0-0: Swinging Strike
0-1: Swinging Strike
0-2: Strikes out swinging
Pinch Hitting: LHB Bernardo Montés 0-0: Ball
1-0: SOLO HOME RUN (Flyball, 9D), Distance : 376 ft
Batting: RHB Pablo Sandoval 0-0: Ball
1-0: Ball
2-0: Ball
3-0: Base on Balls
Batting: RHB Tony Parker 0-0: Called Strike
0-1: Foul Ball, location: 2F
0-2: Ball
Pablo Sandoval steals 2nd base
1-2: Ground out 6-3 (Groundball, 6)
Top of the 10th over - 1 run, 1 hit, 0 errors, 1 left on base; Chicago 4 - St. Louis 3
BOTTOM OF THE 10TH
St. Louis Browns batting - Pitching for Chicago Machine : RHP Wyatt Anderson
Pitching: RHP Juan Rodríguez
Now at 1B: Bernardo Montés
Batting: RHB Pepe Carrasco 0-0: Ball
1-0: Ball
2-0: Ball
3-0: Called Strike
3-1: Base on Balls
Batting: RHB Anthony Rucker 0-0: Bunt missed!
0-1: Bunted foul
0-2: SINGLE (Line Drive, 4M)
Pepe Carrasco to second
Batting: RHB Javier Martínez 0-0: Ball
1-0: Sac Bunt - play at first, batter OUT! 3-4
Pepe Carrasco to third
Anthony Rucker to second
Batting: LHB Miguel Medellín 0-0: Foul Ball, location: 2F
0-1: Called Strike
0-2: Ball
1-2: Strikes out looking
Batting: RHB José Flores 0-0: DOUBLE (Line Drive, 89D)
Pepe Carrasco scores
Anthony Rucker scores
Saturday, April 7th, 2018 - OOTP Baseball 18.8 Build 76